 Dungeon Crawl Stone Soup version 0.25-a0-890-g62861fb (webtiles) character file.

Game seed: 8705620522690727723, levelgen mode: deterministic

641 Faca the Slinger (level 7, 0/49 HPs)
             Began as a Halfling Hunter on May 8, 2020.
             Killed by divine providence
             ... invoked by an orc priest
              (9 damage)
             ... on level 4 of the Dungeon.
             The game lasted 00:06:56 (4657 turns).

Faca the Slinger (Halfling Hunter)                  Turns: 4657, Time: 00:06:57

Health: 0/49       AC:  8    Str: 15    XL:     7   Next: 81%
Magic:  7/7        EV: 12    Int:  9    God:
Gold:   201        SH:  0    Dex: 15    Spells: 6/6 levels left

rFire    . . .     SeeInvis .   b - +0 short sword
rCold    . . .     Gourm    .   (shield restricted)
rNeg     . . .     Faith    .   k - +0 scale mail
rPois    .         Spirit   .   (no helmet)
rElec    .         Reflect  .   (no cloak)
rCorr    .         Harm     .   (no gloves)
MR       .....                  i - +1 pair of boots
Stlth    +.........             (no amulet)
HPRegen  0.16/turn              c - ring of stealth
MPRegen  0.10/turn              (no ring)

@: no status effects
A: small, mutation resistance 1
a: no special abilities


You were on level 4 of the Dungeon.
You were not hungry.

You visited 1 branch of the dungeon, and saw 4 of its levels.

You collected 201 gold pieces.

Inventory:

Hand Weapons
 a - a +1 hunting sling
 b - a +0 short sword (weapon)
Missiles
 d - 20 sling bullets
 g - 5 silver boomerangs
 h - 118 stones (quivered)
Armour
 i - a +1 pair of boots (worn)
 k - a +0 scale mail (worn)
Jewellery
 c - a ring of stealth (left hand)
Wands
 p - a wand of flame (18)
Scrolls
 e - a scroll of blinking {unknown}
 l - a scroll of remove curse
 q - a scroll of enchant armour
 s - a scroll of identify
Potions
 j - a potion of invisibility
 m - a potion of haste
 n - a potion of resistance
 o - 2 potions of curing
 r - a potion of might
 t - a potion of flight
 v - a potion of degeneration {unknown}
Comestibles
 f - 2 rations
 u - a chunk of flesh


   Skills:
 + Level 4.5 Fighting
 + Level 4.9 Short Blades
 + Level 8.9 Slings
 - Level 2.1 Dodging
 - Level 1.1 Stealth


You had 6 spell levels left.
You didn't know any spells.
Your spell library was empty.

Dungeon Overview and Level Annotations

Branches:
Dungeon (4/15)
 Temple: D:4-7

Altars:
Ashenzari
Makhleb
Uskayaw


Innate Abilities, Weirdness & Mutations

You are small and have problems with some larger weapons.
You are somewhat resistant to further mutation.


Message History

The orc priest invokes the aid of Beogh against you.
You struggle to resist.
The orc priest barely misses you.
You hit the orc.
The orc is heavily wounded.
The orc barely misses you. x2
The orc priest hits you with a +0 short sword.
The orc misses you.
The orc priest calls down the wrath of Beogh upon you.
Beogh smites you!
* * * LOW HITPOINT WARNING * * *
The orc barely misses you. The orc hits you.
* * * LOW HITPOINT WARNING * * *
There is a stone staircase leading up here.
The orc barely misses you. The orc hits you but does no damage.
The orc hits you with a +0 hand axe.
* * * LOW HITPOINT WARNING * * *
The orc priest invokes the aid of Beogh against you.
Beogh smites you!
You die...

#...#######...#............
#...##... #...#............
#.............#............
#.............#............
#.............#............ #.
#...##...#............
##...##...##.......##..
#.........##.......##..
#...#....o@........)....... ...
#...#...soo................ .....
#...#..o..l...............)
......#..o#..ol..................
......#...#......................
.....##...##.....................
#....##...##.........>...........
#...................##.......##..
........l...........###########..


You could see an iguana, an orc priest, 4 orcs, a giant cockroach and a frilled
lizard.

Vanquished Creatures
  Grinder (D:3)
  An ice beast (D:4)
  An ogre (D:4)
  A scorpion (D:4)
  A howler monkey (D:4)
  An iguana (D:3)
  Terence (D:2)
  Natasha (D:3)
  2 adders
  3 worms
  2 dart slugs (D:1)
  2 leopard geckos
  4 orcs (D:3)
  4 giant cockroaches
  2 hobgoblins
  4 jackals (D:1)
  4 kobolds
  8 bats
  5 frilled lizards
  4 goblins
  3 rats
55 creatures vanquished.

Notes
Turn   | Place    | Note
-------+----------+-------------------------------------------
     0 | D:1      | Faca the Halfling Hunter began the quest for the Orb.
     0 | D:1      | Reached XP level 1. HP: 14/14 MP: 1/1
    86 | D:1      | Reached skill level 6 in Slings
   287 | D:1      | Reached XP level 2. HP: 18/19 MP: 2/2
   664 | D:1      | Reached XP level 3. HP: 25/25 MP: 3/3
  1316 | D:2      | Found a hide-covered altar of Uskayaw.
  1322 | D:2      | Found a burning altar of Makhleb.
  1672 | D:2      | Noticed Terence
  1704 | D:2      | Killed Terence
  1704 | D:2      | Reached skill level 1 in Short Blades
  1704 | D:2      | Reached XP level 4. HP: 14/30 MP: 4/4
  2689 | D:3      | Found a shattered altar of Ashenzari.
  2698 | D:3      | Noticed Grinder
  2717 | D:3      | Reached skill level 7 in Slings
  2816 | D:3      | Paralysed by something for 2 turns
  3345 | D:3      | Killed Grinder
  3345 | D:3      | Reached skill level 8 in Slings
  3345 | D:3      | Reached XP level 5. HP: 15/37 MP: 5/5
  3345 | D:3      | Reached XP level 6. HP: 17/43 MP: 6/6
  3660 | D:3      | Noticed Natasha
  3675 | D:3      | Killed Natasha
  3920 | D:4      | Noticed an ogre
  3956 | D:3      | Reached XP level 7. HP: 27/48 MP: 7/7
  4657 | D:4      | Killed from afar by an orc priest

Levels and vault maps discovered:
D:1:      lemuel_arrival_room, layout_loops_ring
D:2:      layout_loops_corners, minitemple, uniq_terence
D:3:      layout_loops_ring, cheibrodos_ashenzari_chains, uniq_grinder,
          uniq_natasha
D:4:      layout_gridville, tso_altar, grunt_ministairs_1, fedhas_altar_1

Skill      XL: |  1  2  3  4  5  6  7 |
---------------+----------------------+-----
Slings         | 6 8 |  8.9
Fighting       | 2 3 4 |  4.5
Short Blades   | 1 3 4 |  4.9
Dodging        | |  2.1
Stealth        | |  1.1

Action                   |  1- 3 |  4- 6 |  7- 9 || total
-------------------------+-------+-------+-------++-------
Melee: Short sword       |    85 |   123 |    29 ||   237
 Fire: Hunting sling     |    33 |    39 |    33 ||   105
  Use: Scroll            |       |    13 |       ||    13
       Potion            |       |     1 |       ||     1
 Stab: Sleeping          |     6 |     1 |       ||     7
  Eat: Chunk             |     2 |     4 |     2 ||     8
       Ration            |       |     1 |       ||     1
Armor: Leather armour    |     8 |       |       ||     8
       Scale mail        |    18 |    41 |    11 ||    70
Dodge: Dodged            |    74 |    80 |    24 ||   178

Table legend:
 A = Non-vault XP
 B = Vault XP
 C = Vault XP percentage of total XP
 D = Non-vault monster count
 E = Vault monster count
 F = Vault count percentage of total count
                 A         B        C        D         E       F
            +---------+---------+-------+---------+---------+-------
      Total |     542 |     375 |  40.9 |      52 |       3 |   5.5
            +---------+---------+-------+---------+---------+-------
        D:1 |      30 |       0 |   0.0 |      15 |       0 |   0.0
        D:2 |      29 |      36 |  55.4 |      12 |       1 |   7.7
        D:3 |      89 |     339 |  79.2 |      18 |       2 |  10.0
        D:4 |     394 |       0 |   0.0 |       7 |       0 |   0.0
            +---------+---------+-------+---------+---------+-------
